Map: Acropolis LE

Players

DarwinAwdWnr

  • Race: Zerg Zerg
  • League: Platinum
  • Spawn Location: 5:00

TheChamp - Winner!

  • Race: Terran Terran
  • League: Diamond
  • Spawn Location: 11:00

VOD

Have the link to the VOD?

Description

Time

  • Played on: June 14, 2019, 11:22 p.m.
  • Length: 12:49
Show
View Real Time Build Order
Export as new Build Order

DarwinAwdWnr Zerg 

Build Orders: Hatch First 

Get SALT Encoding   

  12  0:01  Drone  
  13  0:23  Overlord  
  13  0:24  Drone  
  14  0:42  Drone x2  
  16  0:53  Hatchery  
  15  0:58  Drone  
  16  1:05  Drone  
  17  1:16  Drone  
  18  1:20  Drone  
  19  1:27  Extractor  
  19  1:31  Spawning Pool  
  17  1:33  Drone  
  19  1:47  Drone  
  19  2:00  Drone  
  20  2:02  Overlord  
  20  2:09  Hatchery  
  19  2:18  Zergling x2  
  19  2:19  Zergling x2  
  19  2:22  Queen  
  23  2:45  Drone  
  23  2:46  Drone x4  
  28  2:54  Queen  
  28  2:58  Queen  
  32  3:10  Drone  
  32  3:11  Drone x3  
  36  3:13  Overlord  
  36  3:16  Metabolic Boost  
  36  3:24  Baneling Nest  
  35  3:45  Drone x10  
  45  3:53  Lair  
  45  4:08  Queen x2  
  49  4:22  Overlord x2  
  49  4:24  Drone  
  50  4:40  Drone x7  
  50  4:41  Drone x5  
  62  5:00  Hydralisk Den  
  62  5:01  Extractor  
  62  5:03  Overlord x3, Extractor  
  59  5:20  Extractor  
  58  5:25  Evolution Chamber  
  58  5:27  Evolution Chamber  
  50  5:42  Drone  
  51  5:43  Drone x13  
  63  6:15  Queen x2  
  63  6:16  Queen  
  63  6:18  Drone x3  
  70  6:19  Drone x9  
  81  6:25  Zerg Missile Weapons Level 1  
  81  6:26  Zerg Ground Armor Level 1  
  81  6:29  Overlord x2  
  74  7:00  Zergling x2  
  74  7:01  Zergling x16  
  83  7:22  Grooved Spines  
  83  7:24  Baneling x6  
  83  7:25  Baneling x11  
  83  7:26  Zergling x14  
  74  8:07  Hatchery  
  73  8:25  Hydralisk, Extractor  
  73  8:26  Hydralisk x8, Extractor  
  89  8:35  Infestation Pit  
  89  8:41  Lurker Den  
  87  8:55  Zergling x2, Spine Crawler  
  87  8:56  Zergling x8, Spine Crawler  
  87  9:02  Muscular Augments  
  90  9:25  Baneling  
  90  9:26  Baneling x13  
  90  9:27  Zergling x2  
  90  9:28  Zergling x14  
  96  9:34  Centrifical Hooks  
  84  10:06  Hydralisk x2  
  84  10:07  Hydralisk x10  
  62  10:12  Zergling x18  
  62  10:13  Zergling x2  
  80  10:29  Hydralisk  
  80  10:30  Hydralisk x4  
  84  10:41  Hydralisk x3  
  80  10:46  Queen x3  
  86  11:06  Zergling x2  
  86  11:07  Zergling x6  
  86  11:08  Overlord x3  
  90  11:52  Hydralisk  
  90  11:53  Hydralisk x2  
  96  11:54  Zergling x2  
  96  11:55  Zergling x28  
  111  12:17  Baneling x2  
  111  12:18  Baneling x12  
  111  12:19  Baneling  
Show
View Real Time Build Order
Export as new Build Order

TheChamp Terran - Winner!

Build Orders: 2 Factory, Command Center First (CC), Mech 

Get SALT Encoding   

  12  0:01  SCV  
  13  0:13  SCV  
  14  0:34  SCV, Supply Depot  
  15  0:55  SCV  
  16  1:00  Command Center  
  16  1:07  SCV  
  16  1:09  Refinery  
  17  1:19  SCV  
  18  1:35  SCV  
  18  1:36  Barracks  
  19  1:42  Refinery  
  19  1:52  SCV  
  20  2:04  SCV  
  21  2:14  SCV  
  22  2:16  SCV  
  23  2:31  Barracks  
  23  2:32  Marine  
  23  2:33  Orbital Command x2  
  24  2:44  Factory  
  24  2:50  Supply Depot  
  24  3:04  Marine  
  25  3:09  SCV x2  
  27  3:21  Factory  
  27  3:22  Marine  
  27  3:34  Marine  
  27  3:36  SCV x2  
  27  3:38  Factory Tech Lab  
  30  3:43  Armory  
  30  3:48  SCV x2, Marine  
  33  3:58  Barracks  
  33  4:00  Engineering Bay, SCV x2  
  35  4:04  Infernal Pre-Igniter  
  35  4:09  Hellion  
  37  4:12  SCV x2  
  37  4:13  Hellion  
  41  4:25  SCV  
  41  4:26  SCV  
  41  4:29  Terran Infantry Weapons Level 1  
  43  4:33  Hellion  
  43  4:37  Supply Depot  
  45  4:48  Marine  
  45  4:50  Barracks Tech Lab  
  46  4:54  Terran Vehicle And Ship Armor Level 1  
  46  4:56  Starport  
  46  4:58  Hellion x2, SCV x2, Marine  
  53  5:10  Stimpack, SCV  
  54  5:29  SCV x2  
  54  5:36  Hellion  
  54  5:41  Hellion  
  54  5:49  Refinery, Command Center  
  54  5:50  Refinery  
  54  5:51  Supply Depot  
  54  5:52  Supply Depot  
  54  5:53  Starport Reactor  
  54  5:54  SCV x2  
  58  5:59  Factory, Factory Reactor  
  58  6:03  Hellion  
  58  6:06  SCV  
  59  6:16  Marine x2, Marauder  
  59  6:17  SCV  
  59  6:18  SCV  
  65  6:24  Hellion  
  67  6:29  SCV  
  67  6:30  SCV  
  67  6:43  Hellion x2  
  67  6:45  Hellion  
  71  6:50  Terran Vehicle And Ship Armor Level 2, Medivac x2  
  71  6:54  Factory Tech Lab  
  75  7:03  Marine x2  
  75  7:04  Marine  
  75  7:06  Siege Tank  
  81  7:10  Supply Depot  
  81  7:14  Barracks  
  81  7:21  Marine x2  
  81  7:22  Marauder  
  85  7:25  Combat Shield, Drilling Claws  
  85  7:32  SCV x2  
  87  7:37  Terran Infantry Armor Level 1, Barracks  
  87  7:38  Engineering Bay  
  87  7:43  Marauder  
  90  7:44  SCV x2  
  67  8:06  Orbital Command  
  67  8:08  Marine x2  
  67  8:09  Marauder  
  67  8:10  Siege Tank x2  
  67  8:11  Hellion x2  
  67  8:12  Barracks Tech Lab  
  81  8:14  Barracks  
  81  8:15  SCV x2  
  83  8:26  Marine  
  83  8:27  SCV x2, Starport  
  86  8:30  Marauder  
  86  8:32  Missile Turret  
  88  8:34  Missile Turret  
  88  8:36  Missile Turret  
  88  8:39  Missile Turret, SCV x2  
  88  8:40  Missile Turret  
  90  8:44  Siege Tank x2, SCV  
  97  8:51  SCV x2  
  99  8:56  Marine x2  
  101  9:04  Concussive Shells  
  101  9:08  Terran Infantry Weapons Level 2, Supply Depot  
  101  9:10  Supply Depot  
  101  9:29  Marine  
  101  9:30  SCV, Marine x4, Marauder  
  109  9:42  Hellbat  
  109  9:43  Hellion, Hellbat x2  
  117  9:47  Marine x2, Starport Tech Lab  
  117  10:01  Marine, Marauder  
  117  10:02  Marine, Marauder  
  117  10:05  Marine x2  
  117  10:18  Medivac  
  117  10:22  Marauder  
  117  10:23  Marine  
  117  10:27  Medivac  
  116  10:34  Medivac  
  115  10:35  Marauder  
  93  10:44  Marauder  
  93  10:46  Marine  
  93  10:47  Marine x3  
  93  10:48  Siege Tank x2  
  105  10:51  Medivac  
  105  10:57  Marauder, Medivac  
  111  11:04  Marine x2  
  111  11:05  Marine, Marauder  
  111  11:06  Refinery x2, Command Center  
  111  11:10  Marine  
  117  11:14  Supply Depot  
  117  11:19  Command Center  
  117  11:35  Supply Depot  
  117  11:36  SCV x3, Marine, Marauder x2  
  117  11:39  Siege Tank, Banshee  
  131  11:40  Siege Tank  
  131  11:42  Supply Depot  
  131  11:45  Supply Depot  
  134  11:48  SCV  
  135  11:57  Marine x3  
  135  11:58  Marauder x2  
  142  12:03  SCV x3  
  145  12:12  Siege Tank  
  145  12:15  SCV x3  
  151  12:19  Marauder x2  
Tags
 
Add a new tag
Caveats
  • Supply blocks, unpowered buildings, or Contaminate may cause inaccurate times.
  • Supply counts are checked every 10 seconds.